 Dungeon Crawl Stone Soup version 0.17.0-7-gfadd4cc (webtiles) character file.

119 oplop the Sneak (level 5, -2/26 HPs)
             Began as a Vine Stalker Assassin on Nov 8, 2015.
             Slain by a wyvern (10 damage)
             ... on level 3 of the Dungeon.
             The game lasted 00:03:09 (1363 turns).

oplop the Sneak (Vine Stalker Assassin)             Turns: 1363, Time: 00:03:10

Health: -2/26      AC:  3    Str: 15    XL:     5   Next: 3%
Magic:  0/6        EV: 12    Int: 11    God:
Gold:   73         SH:  0    Dex: 17    Spells: 0 memorised, 4 levels left

rFire  . . .     SeeInvis .     b - +0 blowgun
rCold  . . .     Clarity  .     c - +0 robe
rNeg   . . .     SustAt   .     (no shield)
rPois  .         Gourm    .     (no helmet)
rElec  .         Spirit   +     d - +0 cloak
rCorr  .         Warding  .     (no gloves)
rMut   .         Stasis   .     (no boots)
MR     .....                    (no amulet)
Stlth  +++.......               o - +2 ring of strength
                                k - ring of invisibility

@: not resistant to hostile enchantments, fairly stealthy
A: fangs 2, regeneration 1, magic shield, antimagic bite, no device heal 3, rot
immunity
a: Evoke Invisibility


You were on level 3 of the Dungeon.
You were not hungry.

You visited 1 branch of the dungeon, and saw 3 of its levels.

You collected 73 gold pieces.

Inventory:

Hand Weapons
 a - a +2 dagger
 b - a +0 blowgun (weapon)
Missiles
 e - a poisoned needle
 f - a curare-tipped needle (quivered)
Armour
 c - a +0 robe (worn)
 d - a +0 cloak (worn)
Jewellery
 k - a ring of invisibility (left hand)
 o - a +2 ring of strength (right hand)
Scrolls
 h - 2 scrolls of identify {unknown}
 i - a scroll of teleportation {unknown}
 n - a scroll of remove curse {unknown}
 q - a scroll of noise {unknown}
Potions
 l - 4 potions of curing {unknown}
 p - 2 potions of haste {unknown}
 t - a potion of might {unknown}
Comestibles
 g - 2 bread rations
 j - a beef jerky
 m - a royal jelly
 r - 2 chunks of flesh
 s - a slice of pizza


   Skills:
 + Level 1.7 Fighting
 + Level 2.9 Short Blades
 + Level 2.6 Throwing
 + Level 1.7 Dodging
 - Level 5.7 Stealth


You had 4 spell levels left.
You didn't know any spells.

Dungeon Overview and Level Annotations

Branches:
Dungeon (3/15)

Altars:


Innate Abilities, Weirdness & Mutations

You have extremely sharp teeth.
Your natural rate of healing is unusually fast.
When hurt, damage is shared between your health and your magic reserves.
Your bite disrupts and absorbs the magic of your enemies.
Potions and wands cannot restore your health.
You are immune to rotting.


Message History

Firing (i - inventory. (,) - cycle):
e - 2 poisoned needles (quivered)
Press: ? - help, Shift-Dir - straight line, f/p - wyvern
Aim: a wyvern (lightly wounded, poisoned)
You shoot a poisoned needle. The poisoned needle hits the wyvern!
The wyvern looks even sicker.
The wyvern is lightly wounded.
The wyvern bites you!
Unknown command.
Quiver which item? (- for none, * to show all) (? for menu, Esc to quit)
Quivering
f - 2 curare-tipped needles for blowguns.
Firing (i - inventory. (,) - cycle):
f - 2 curare-tipped needles (quivered)
Press: ? - help, Shift-Dir - straight line, f/p - wyvern
Aim: a wyvern (lightly wounded, poisoned)
You shoot a curare-tipped needle.
The curare-tipped needle closely misses the wyvern.
The curare-tipped needle hits the jackal.
The jackal is poisoned.
The jackal convulses.
You kill the jackal!
The wyvern closely misses you. The wyvern bites you!
You die...

#. ##.## ...# ###
..###.## #.##...##
######.#.....#########
.....................#
######.#.........#.#.#
...†......(.####@#.# #
#####.......#
#l#.#.##### #...##.#..
#(..(......
##.#####...##..#######
######.# .......#
.......# ......#
######## ..h....##
#...##.# #.h. #.#


You could see a wyvern.

Vanquished Creatures
  8 adders
  4 giant geckos
  An orc (D:3)
  A ball python (D:2)
  6 bats
  6 giant cockroaches
  3 goblins
  5 hobgoblins (D:1)
  A jackal (D:3)
  5 kobolds
  A quokka (D:2)
  3 giant newts
  3 rats
47 creatures vanquished.

Notes
Turn   | Place    | Note
--------------------------------------------------------------
     0 | D:1      | oplop the Vine Stalker Assassin began the quest for the Orb.
     0 | D:1      | Reached XP level 1. HP: 11/11 MP: 2/2
    99 | D:1      | Reached skill level 1 in Dodging
   167 | D:1      | Reached skill level 5 in Stealth
   174 | D:1      | Reached XP level 2. HP: 15/15 MP: 3/3
   543 | D:1      | Reached XP level 3. HP: 18/18 MP: 4/4
   769 | D:2      | Reached XP level 4. HP: 23/23 MP: 5/5
  1302 | D:3      | Reached XP level 5. HP: 20/26 MP: 6/6
  1353 | D:3      | Noticed a wyvern
  1363 | D:3      | Slain by a wyvern

Action                   |  1- 3 |  4- 6 || total
-------------------------+-------+-------++-------
Melee: Dagger            |    50 |    42 ||    92
 Fire: Blowgun           |    21 |     4 ||    25
 Stab: Sleeping          |    16 |    10 ||    26
  Eat: Chunk             |       |     1 ||     1
